 Dungeon Crawl Stone Soup version 0.29-a0-451-gfbfa42419e (console) character file.

Game seed: 15694276885109168644

6452 Faeu the Cleaver (level 10, -2/144 HPs)
             Began as a Minotaur Berserker on May 19, 2022.
             Was an Elder of Trog.
             Succumbed to Grum's poison
             ... on level 9 of the Dungeon.
             The game lasted 00:25:13 (9522 turns).

Faeu the Cleaver (Minotaur Berserker)               Turns: 9522, Time: 00:25:14

Health: -2/144     AC: 14    Str: 32    XL:     10   Next: 67%
Magic:  1/9        EV:  9    Int: -2    God:    Trog [****..]
Gold:   519        SH:  0    Dex: 10    Spells: 9/9 levels left

rFire   + + +      SeeInvis .   t - +6 dagger {vorpal, rElec rF+++ Int-3 Dex-4}
rCold   . . .      Faith    .   (no shield)
rNeg    + . .      Spirit   +   L - +0 plate armour
rPois   .          Reflect  .   (helmet restricted)
rElec   +          Harm     .   C - +0 cloak
rCorr   .          Rampage  .   (no gloves)
Will    .....                   (no boots)
Stlth   ..........              y - amulet of guardian spirit
HPRegen 0.34/turn               e - ring of protection from fire
MPRegen 0.11/turn               O - ring "Kikaruak" {rElec rN+ Str+6 Int-3 Dex+4}

@: berserking (expiring), lethally poisoned (-2 -> -45), slowed, lost
intelligence, unable to read
A: horns 2, retaliatory headbutt
a: Renounce Religion, Berserk, Trog's Hand, Brothers in Arms


You were on level 9 of the Dungeon.
You worshipped Trog.
Trog was greatly pleased with you.
You visited 1 branch of the dungeon, and saw 9 of its levels.
You also visited: Ossuary.

You collected 519 gold pieces.

Inventory:

Hand Weapons
 a - a +0 hand axe
 p - a +2 morningstar
 t - the +6 dagger of Execution (weapon) {vorpal, rElec rF+++ Int-3 Dex-4}
   (You found it on level 6 of the Dungeon)

   It inflicts extra damage upon your enemies.
   Int:       It affects your intelligence (-3).
   Dex:       It affects your dexterity (-4).
   rF:        It renders you almost immune to fire.
   rElec:     It insulates you from electricity.
Missiles
 s - 18 poisoned darts (quivered)
Armour
 b - a +0 animal skin
 k - a +0 chain mail
 C - a +0 cloak (worn)
 L - a +0 plate armour (worn)
Jewellery
 e - a ring of protection from fire (left hand)
 m - a ring of poison resistance
 u - a ring of protection from cold
 y - an amulet of guardian spirit (around neck)
 A - a +4 ring of protection
 B - a ring of magical power
 O - the ring "Kikaruak" (right hand) {rElec rN+ Str+6 Int-3 Dex+4}
   (You found it on level 9 of the Dungeon)

   [ring of strength]

   Str:       It affects your strength (+6).
   Int:       It affects your intelligence (-3).
   Dex:       It affects your dexterity (+4).
   rElec:     It insulates you from electricity.
   rN:        It protects you from negative energy.
Wands
 v - a wand of flame (21)
 J - a wand of charming (11)
 K - a wand of iceblast (19)
Scrolls
 d - 4 scrolls of amnesia
 f - 2 scrolls of brand weapon
 g - 5 scrolls of teleportation
 i - 5 scrolls of fog
 l - 4 scrolls of identify
 q - 2 scrolls of noise
 x - a scroll of torment {unknown}
 z - 2 scrolls of immolation {unknown}
 D - a scroll of vulnerability {unknown}
 E - a scroll of silence {unknown}
 F - 2 scrolls of poison {unknown}
 G - a scroll of enchant weapon {unknown}
 M - a scroll of acquirement {unknown}
Potions
 c - a potion of lignification
 h - 8 potions of curing
 j - 4 potions of might
 n - 4 potions of attraction {unknown}
 o - a potion of haste {unknown}
 r - a potion of invisibility {unknown}
 w - a potion of heal wounds {unknown}
 H - a potion of magic {unknown}
 I - a potion of mutation {unknown}
 N - a potion of flight {unknown}


   Skills:
 + Level 11.3 Fighting
 + Level 7.9 Short Blades
 + Level 11.3 Axes
 - Level 6.5 Armour
 - Level 6.0 Dodging


You had 9 spell levels left.
You didn't know any spells.
Your spell library was empty.

Dungeon Overview and Level Annotations

Branches:
Dungeon (9/15)             Temple (0/1) D:5            Lair (0/6) D:8
Ossuary (visited)
    Orc: D:9-12

Altars:
Hepliaklqana
Okawaru
Qazlal
Ru
Zin

Annotations:
D:2 Jessica
D:9 Grum


Innate Abilities, Weirdness & Mutations

You have a pair of horns on your head.
You reflexively headbutt those who attack you in melee.


Message History

You miss the wolf. Your headbutt misses the wolf.
The wolf is moderately wounded.
You feel very sick. The wolf bites you. Something hits you but does no damage.
Grum hits you from afar with a -1 spear of venom!
You are more poisoned.
You puncture the wolf! You headbutt the wolf.
You kill the wolf!
Trog accepts your kill.
You feel very sick.
You closely miss something. Your headbutt misses something.
You feel very sick.
You hear some strange, mumbled words.
Something tries to affect you, but you resist.
The orc barely misses you. Grum closely misses you.
You puncture something!
You feel very sick. Something hits you.
* * * LOW HITPOINT WARNING * * *
The orc barely misses you.
Grum hits you from afar with a -1 spear of venom.
* * * LOW HITPOINT WARNING * * *
You are lethally poisoned!
You puncture something! Trog accepts your kill.
Trog appreciates your killing of a magic user.
Reactivating autopickup.
You feel a bit more experienced.
* * * LOW HITPOINT WARNING * * *
You feel very sick.
* * * LOW HITPOINT WARNING * * *
You feel extremely sick. The orc hits you with a +0 whip.
* * * LOW HITPOINT WARNING * * *
Grum hits you from afar with a -1 spear of venom!
* * * LOW HITPOINT WARNING * * *
You are more poisoned.
Items here: )) [[.
You barely miss the orc.
You die...

##...##########
#...)...........
#........#.......
##.........#...........#
###..................h#.
##.#..#......#....#...
#.#..#...# #....g.
#.#.....# ...h.. .
#0#.....#####...##...
##.##.....#.##.h......
#...###....@o#..#
#._.#........go.#..
#...#................
#####................
#................#
####.....#.....#.#
##..######### # ####


You could see Grum and 2 orcs.

Vanquished Creatures
  A two-headed ogre (D:8)
  Maggie (D:7)
  A troll (D:9)
  4 yaks (D:8)
  3 vampire mosquitoes (D:7)
  2 water moccasins
  2 orc warriors
  A sky beast (D:7)
  An ice beast (D:7)
  3 wolves (D:9)
  3 centaurs
  An ogre (D:5)
  3 phantoms
  2 kobold brigands (D:9)
  3 bullfrogs
  A necrophage (D:7)
  12 scorpions
  13 wights
  A killer bee (D:9)
  3 jellies
  A centaur zombie (Ossuary)
  7 orc priests
  6 hounds
  2 gnoll shamans
  Natasha (D:2)
  2 human zombies (Ossuary)
  5 iguanas
  5 scorpion zombies (Ossuary)
  4 orc wizards
  3 mummies (Ossuary)
  9 gnolls
  A river rat (D:3)
  5 adders
  A white imp (D:7)
  2 worms (D:5)
  2 dart slugs
  23 orcs
  4 endoplasms
  3 giant cockroaches
  2 gnoll zombies (Ossuary)
  6 goblins
  4 hobgoblins
  11 jackals
  7 kobolds
  3 quokkas
  5 ball pythons
  6 bats
  3 frilled lizards (D:3)
  2 goblin zombies (Ossuary)
  A hobgoblin zombie (Ossuary)
  3 kobold zombies (Ossuary)
  An orc zombie (Ossuary)
  4 rats
205 creatures vanquished.

Vanquished Creatures (others)
  11 plants (D:9)
11 creatures vanquished.

Grand Total: 216 creatures vanquished

Notes
Turn   | Place    | Note
-------+----------+-------------------------------------------
     0 | D:1      | Faeu the Minotaur Berserker began the quest for the Orb.
     0 | D:1      | Reached XP level 1. HP: 19/19 MP: 0/0
    20 | D:1      | Found a faded altar of an unknown god.
   141 | D:1      | Reached XP level 2. HP: 25/27 MP: 1/1
   897 | D:2      | Noticed Natasha
   908 | D:2      | Reached XP level 3. HP: 33/33 MP: 2/2
   918 | D:2      | Killed Natasha
   927 | D:2      | Noticed Jessica
  1097 | D:3      | Reached ** piety under Trog
  1120 | D:3      | HP: 2/49 [orc priest/divine providence (9)]
  1125 | D:3      | Reached XP level 4. HP: 3/41 MP: 3/3
  1736 | D:3      | Reached XP level 5. HP: 47/47 MP: 4/4
  2382 | D:4      | Noticed a phantom
  2395 | D:4      | Killed a phantom
  2396 | D:4      | Reached skill level 5 in Fighting
  2396 | D:4      | Reached skill level 5 in Axes
  2412 | D:4      | Reached XP level 6. HP: 50/56 MP: 5/5
  2843 | D:5      | Entered Level 5 of the Dungeon
  3052 | D:4      | Reached skill level 5 in Armour
  3052 | D:4      | Reached XP level 7. HP: 62/62 MP: 6/6
  3073 | D:4      | HP: 3/61 [wight/+4 short sword (3)]
  3567 | D:4      | Reached skill level 5 in Dodging
  3788 | D:5      | Reached *** piety under Trog
  4032 | D:5      | Reached XP level 8. HP: 25/71 MP: 7/7
  4828 | D:5      | Found a staircase to the Ecumenical Temple.
  5031 | D:6      | Identified the +6 dagger of Execution {vorpal, rElec rF+++
                  | Int-3 Dex-4}
  5438 | D:6      | Reached skill level 1 in Short Blades
  5626 | D:7      | Reached XP level 9. HP: 71/81 MP: 3/8
  5939 | D:7      | Noticed Maggie
  5948 | D:7      | Killed Maggie
  6069 | D:7      | Reached skill level 5 in Short Blades
  6112 | D:7      | Found a sand-covered staircase.
  6120 | Ossuary  | Entered an ossuary
  6333 | Ossuary  | Reached **** piety under Trog
  7133 | Ossuary  | Reached skill level 10 in Axes
  7523 | D:7      | Found a sacrificial altar of Ru.
  7523 | D:7      | Found a stormy altar of Qazlal.
  7687 | D:7      | Reached skill level 10 in Fighting
  7687 | D:7      | Reached XP level 10. HP: 93/93 MP: 7/9
  8805 | D:8      | Found a staircase to the Lair.
  8827 | D:8      | Noticed a two-headed ogre
  8835 | D:8      | Killed a two-headed ogre
  8978 | D:9      | Found an iron altar of Okawaru.
  8991 | D:9      | Found a glowing silver altar of Zin.
  9475 | D:9      | Found a hazy altar of Hepliaklqana.
  9495 | D:9      | Identified the ring "Kikaruak" {rElec rN+ Str+6 Int-3
                  | Dex+4}
  9498 | D:9      | Lost intelligence.
  9503 | D:9      | Noticed Grum
  9521 | D:9      | HP: 4/144 [Grum/-1 spear of venom (9)]
  9522 | D:9      | Succumbed to Grum's poison

Illustrated notes

Levels and vault maps discovered:
D:1:      tarquinn_simple_flora_water_e, layout_rooms, basic_ecumenical_altar
D:2:      layout_rooms, uniq_robin, uniq_natasha, uniq_jessica, uniq_sigmund
D:3:      layout_basic, portal_sewer_entry_e, hex_large
D:4:      layout_basic
D:5:      layout_cave_pods, minmay_temple_entry_nine_rooms,
          minmay_misc_feat_encased, st_stairs_6
D:6:      layout_rooms
D:7:      layout_basic, gammafunk_temple_overflow_statue,
          chequers_ossuary_entry_cave, palyth_stone_intersect,
          minmay_misc_feat_secret_circle, corexii_checkpoint_a, uniq_maggie
D:8:      layout_loops_ring, lair_entry_dummy
D:9:      nzn_winding_woodlands_large [nzn_winding_woodlands_5x5_cross,
          nzn_winding_woodlands_5x15_river_crossing,
          nzn_winding_woodlands_5x5_three,
          nzn_winding_woodlands_center_triple_pond,
          nzn_winding_woodlands_15x15_thick_spiral,
          nzn_winding_woodlands_center_lodge, nzn_winding_woodlands_5x5_default,
          nzn_winding_woodlands_5x15_default,
          nzn_winding_woodlands_5x5_default], layout_cave_pools,
          mainiacjoe_overflow_catch_the_wave, nzn_hepliaklqana_mist_gate,
          uniq_grum

Skill      XL: |  1  2  3  4  5  6  7  8  9 10 |
---------------+-------------------------------+-----
Fighting       | 4 5 6 8 10 11 | 11.3
Axes           | 4 5 6 8 10 11 | 11.3
Armour         | 3 4 5 6 |  6.5
Dodging        | 3 4 5 6 |  6.0
Short Blades   | 3 6 7 |  7.9

Action                   |  1- 3 |  4- 6 |  7- 9 | 10-12 || total
-------------------------+-------+-------+-------+-------++-------
Melee: Hand axe          |    84 |   139 |    10 |       ||   233
       Headbutt          |     4 |    17 |    57 |    27 ||   105
       Punch             |     1 |       |     3 |     3 ||     7
       Morningstar       |       |       |    53 |       ||    53
       Dagger            |       |       |   280 |   135 ||   415
Throw: Dart              |       |       |       |     1 ||     1
Invok: Berserk           |     2 |     4 |     5 |     4 ||    15
Evoke: Wand              |       |       |     2 |       ||     2
  Use: Scroll            |       |     4 |     4 |       ||     8
       Potion            |       |       |     1 |       ||     1
Armor: Animal skin       |    30 |       |       |       ||    30
       Chain mail        |       |    51 |   153 |    18 ||   222
       Plate armour      |       |       |       |    49 ||    49
Dodge: Dodged            |    69 |    61 |   124 |    44 ||   298

Table legend: (Time is in decaauts)
 A = Elapsed time spent in this place.
 B = Non-inter-level travel time spent in this place.
 C = Inter-level travel time spent in this place.
 D = Time resting spent in this place.
 E = Time spent auto-exploring this place.
 F = Levels seen in this place.
 G = Mean time per level.
                   A        B        C        D        E       F      G
               +--------+--------+--------+--------+--------+-----+--------+
         Total |   9577 |   9342 |    235 |   1650 |   5030 |  10 |  957.7 |
       Dungeon |   8344 |   8109 |    235 |   1198 |   4544 |   9 |  927.1 |
       Ossuary |   1232 |   1232 |      0 |    452 |    486 |   1 | 1232.0 |
               +--------+--------+--------+--------+--------+-----+--------+

Top non-repeatable levels by time:
     D:7: 1412 daAuts
     D:3: 1401 daAuts
     D:5: 1361 daAuts
     D:4: 1307 daAuts
 Ossuary: 1232 daAuts
     D:1: 819 daAuts
     D:8: 778 daAuts
     D:6: 584 daAuts
     D:9: 538 daAuts
     D:2: 140 daAuts
